 Dungeon Crawl Stone Soup version 0.22-a0-265-g0d8bc90 (webtiles) character file.

46288 b5mith the Fencer (level 14, -2/129 HPs)
             Began as a Minotaur Berserker on Mar 7, 2018.
             Was the Champion of Trog.
             Slain by a manticore (3 damage)
             ... on level 15 of the Dungeon.
             The game lasted 00:45:52 (13923 turns).

b5mith the Fencer (Minotaur Berserker)             Turns: 13923, Time: 00:45:53

Health: -2/129     AC: 21    Str: 34    XL:     14   Next: 4%
Magic:  13/13      EV: 18    Int: 11    God:    Trog [******]
Gold:   1298       SH:  0    Dex: 13    Spells: 13/13 levels left

rFire    + . .     SeeInvis .   S - +7 great sword of Annoyance {elec, rC++ Str+6}
rCold    + + +     Gourm    .   (shield currently unavailable)
rNeg     + . .     Faith    .   V - +2 ring mail {rF+}
rPois    +         Spirit   .   (helmet restricted)
rElec    +         Reflect  .   P - +0 cloak (curse)
rCorr    .         Harm     .   f - +2 pair of gloves
MR       +....                  (no boots)
Stlth    ..........             Z - amulet "Muxowk" {RegenMP rElec rC+++ Dex+4 Stlth-}
HPRegen  0.31/turn              (no ring)
MPRegen  0.38/turn              H - ring of Cum Lokhaiq {rPois rN+ AC+4 Int+7}

@: barbed spikes, berserk cooldown, slowed, very slow
A: retaliatory headbutt, hooves 1, horns 2, iridescent scales 1, wild magic 2
a: Berserk, Trog's Hand, Brothers in Arms, Renounce Religion


You were on level 15 of the Dungeon.
You worshipped Trog.
Trog was exalted by your worship.
You were very hungry.

You visited 1 branch of the dungeon, and saw 15 of its levels.
You also visited: Sewer.

You collected 1298 gold pieces.

Inventory:

Hand Weapons
 a - a +2 antimagic great sword
 D - a +3 long sword
 S - the +7 great sword of Annoyance (weapon) {elec, rC++ Str+6}
   (Trog gifted it to you on level 14 of the Dungeon)

   Occasionally, upon striking a foe, it will discharge some electrical energy
   and cause terrible harm.
   It affects your strength (+6).
   It greatly protects you from cold.
 U - a +4 antimagic great sword
Missiles
 n - 32 tomahawks (quivered)
 N - 2 javelins of returning
Armour
 f - a +2 pair of gloves (worn)
 P - a cursed +0 cloak (worn)
 V - a +2 ring mail of fire resistance (worn)
Jewellery
 t - an uncursed amulet of regeneration
 y - a cursed amulet of inaccuracy {unknown}
 H - the ring of Cum Lokhaiq (right hand) {rPois rN+ AC+4 Int+7}
   (You found it on level 5 of the Dungeon)

   [ring of protection]

   It affects your AC (+4).
   It affects your intelligence (+7).
   It protects you from poison.
   It protects you from negative energy.
 J - an uncursed ring of protection from cold
 X - an uncursed ring of ice
 Z - the amulet "Muxowk" (around neck) {RegenMP rElec rC+++ Dex+4 Stlth-}
   (You found it on level 14 of the Dungeon)

   [amulet of magic regeneration]

   It increases your magic regeneration.
   It affects your dexterity (+4).
   It renders you almost immune to cold.
   It insulates you from electricity.
   It makes you less stealthy.
Wands
 j - a wand of iceblast (6)
 A - a wand of polymorph (13)
 L - a wand of enslavement (19)
 M - a wand of clouds (14)
 O - a wand of random effects (24)
Scrolls
 b - 4 scrolls of fear {unknown}
 e - 9 scrolls of teleportation
 i - 2 scrolls of immolation {unknown}
 r - 5 scrolls of fog
 w - 13 scrolls of remove curse {@r2}
 z - 2 scrolls of blinking {unknown}
 C - 3 scrolls of enchant weapon
 G - 3 scrolls of summoning {unknown}
 K - 2 scrolls of magic mapping {unknown}
 Q - a scroll of noise {unknown}
 R - a scroll of holy word {unknown}
 T - 2 scrolls of enchant armour
 W - 2 scrolls of torment
 Y - a scroll of amnesia {unknown}
Potions
 d - a potion of magic {unknown}
 h - 2 potions of heal wounds {unknown}
 k - 2 potions of agility
 l - 3 potions of flight
 p - 4 potions of curing {@q1}
 s - a potion of cancellation {unknown}
 u - 2 potions of brilliance {unknown}
 v - 2 potions of lignification {unknown}
 B - 2 potions of haste
 F - 3 potions of ambrosia
 I - 3 potions of berserk rage {unknown}
Comestibles
 c - 33 rations
 g - 20 chunks of flesh


   Skills:
 - Level 13.0 Fighting
 * Level 18.3 Long Blades
 - Level 12.8 Armour
 - Level 11.9 Dodging


You had 13 spell levels left.
You didn't know any spells.

Dungeon Overview and Level Annotations

Branches:
Dungeon (15/15)            Temple (0/1) D:7            Lair (0/6) D:9
    Orc (0/2) D:11         Vaults (0/5) D:14         Depths (0/5) D:15

Altars:
Fedhas
Kikubaaqudgha
Ru
Sif Muna
Uskayaw
Vehumet
Wu Jian
Xom
The Shining One
Beogh

Shops:
D:13 ?

Portals:
Trove: D:14 (give +2 storm dragon scales)

Annotations:
D:10 Sonja


Innate Abilities, Weirdness & Mutations

You reflexively headbutt those who attack you in melee.
You have a pair of horns on your head.
You have large cloven feet.
You are partially covered in iridescent scales. (AC +2)
Your spells are harder to cast, but more powerful.


Message History

* * * LOW HITPOINT WARNING * * *
The barbed spikes dig painfully into your body as you move.
* * * LOW HITPOINT WARNING * * *
There is an open door, spattered with blood here.
Things that are here:
a spear; a naga corpse The barbed spikes dig painfully into your body as you move.
* * * LOW HITPOINT WARNING * * *
The barbed spikes dig painfully into your body as you move.
* * * LOW HITPOINT WARNING * * *
The barbed spikes dig painfully into your body as you move.
* * * LOW HITPOINT WARNING * * *
The manticore closely misses you.
You riposte.
You hit the manticore but do no damage. Your kick misses the manticore.
You headbutt the manticore.
The manticore is lightly wounded.
The manticore claws you.
* * * LOW HITPOINT WARNING * * *
The manticore claws you.
You die...

#.# #.....# #.#########.....#
#...............#
#####...............#
....................# .
....................######...
(.................H..........
...†††......###H###..........
....#####†.##.))@.##.........
....# #.##.......##H.......
....# #.#..#####).#........
##..# #.#..#(..#..#......##
#..#####)#..#.>.#..#......#
#........#..#...#..#......#
##.....(..#..##)##..#......#
#.........##.......##
#..........##.....##


You could see a manticore.

Vanquished Creatures
  Nessos (D:14)
  Fannar (D:12)
  2 hydras
  A catoblepas (D:14)
  A centaur warrior (D:14)
  A death knight (D:12)
  14 two-headed ogres
  2 ogre magi
  A deep elf knight (D:14)
  2 wizards
  A glowing orange brain (D:14)
  2 orc knights
  An orc sorcerer (D:15)
  5 deep elf magi
  3 ugly things
  A wolf spider (D:15)
  3 manticores
  2 cyclopes
  A black mamba (shapeshifter) (D:15)
  A naga mage (D:15)
  Psyche (D:9)
  A gargoyle (D:12)
  A kobold demonologist (D:13)
  5 yaktaurs
  4 demonic crawlers (D:14)
  A komodo dragon (D:14)
  A freezing wraith (D:14)
  2 tengu conjurers
  8 trolls
  A hornet (D:8)
  A slime creature (D:12)
  A harpy skeleton (D:15)
  A hippogriff (D:10)
  4 wyverns
  A shadow (D:15)
  19 yaks
  3 wraiths
  A vampire (D:14)
  4 hungry ghosts
  8 vampire mosquitoes
  An acid dragon (D:14)
  2 hell hounds (D:9)
  A water moccasin (D:12)
  The ghost of TheGoonsmith the Magician, an amateur DEWz (D:3)
  A floating eye (D:14)
  A meliai simulacrum (D:14)
  2 ice beasts
  A black bear (D:10)
  7 orc warriors
  3 phantoms
  5 sky beasts
  3 necrophages
  12 ogres
  10 centaurs
  3 big kobolds
  14 bullfrogs
  3 small abominations (D:14)
  4 scorpions
  2 wyvern skeletons
  9 wights
  A killer bee (D:12)
  2 howler monkeys
  A centaur zombie (D:5)
  10 crimson imps
  A quasit (D:6)
  A bullfrog zombie (D:12)
  2 jellies
  13 orc priests
  2 hounds (D:4)
  A bullfrog skeleton (D:13)
  Terence (D:3)
  9 iguanas
  12 orc wizards
  4 centaur skeletons
  6 worker ants
  A hound skeleton (D:9)
  3 worker ant zombies (D:10)
  4 gnolls (D:6)
  13 adders
  A river rat (Sewer)
  4 shadow imps
  An adder skeleton (D:4)
  A worm (D:4)
  2 dart slugs
  8 leopard geckos
  91 orcs
  3 ball pythons
  4 bats
  9 giant cockroaches
  3 goblins
  3 hobgoblins
  18 jackals
  2 quokkas
  2 frilled lizards
  A giant cockroach zombie (D:5)
  17 kobolds
  2 quokka skeletons
  9 rats
  A butterfly (D:7)
468 creatures vanquished.

Notes
Turn   | Place    | Note
-------+----------+-------------------------------------------
     0 | D:1      | b5mith the Minotaur Berserker began the quest for the Orb.
     0 | D:1      | Reached XP level 1. HP: 19/19 MP: 0/0
    98 | D:1      | Reached XP level 2. HP: 23/27 MP: 1/1
   410 | D:1      | Reached skill level 4 in Long Blades
   583 | D:2      | Reached XP level 3. HP: 22/33 MP: 2/2
   813 | D:2      | Reached ** piety under Trog
   862 | D:2      | Found a radiant altar of Vehumet.
   862 | D:2      | Found a deep blue altar of Sif Muna.
   863 | D:2      | Found a blossoming altar of Fedhas.
   928 | D:2      | Reached XP level 4. HP: 38/41 MP: 3/3
  1374 | D:3      | Noticed Terence
  1384 | D:3      | Killed Terence
  1406 | D:3      | Noticed TheGoonsmith's ghost (amateur DEWz)
  1414 | D:3      | Killed TheGoonsmith's ghost
  1414 | D:3      | Reached skill level 5 in Fighting
  1414 | D:3      | Reached XP level 5. HP: 48/48 MP: 4/4
  1754 | D:3      | Reached skill level 5 in Long Blades
  1991 | D:4      | Noticed an ogre
  1996 | D:4      | Killed an ogre
  1996 | D:4      | Reached XP level 6. HP: 56/56 MP: 5/5
  2075 | D:4      | Reached *** piety under Trog
  2154 | D:4      | Reached skill level 5 in Armour
  2154 | D:4      | Reached XP level 7. HP: 44/62 MP: 6/6
  2490 | D:4      | Reached skill level 6 in Long Blades
  2671 | D:4      | Reached skill level 5 in Dodging
  3234 | D:5      | Entered Level 5 of the Dungeon
  3367 | D:5      | Found a glowing drain.
  3390 | Sewer    | Entered a sewer
  3463 | Sewer    | Reached **** piety under Trog
  3491 | Sewer    | Found a glowing silver altar of Zin.
  3703 | D:5      | Found a hide-covered altar of Uskayaw.
  3725 | D:5      | Reached XP level 8. HP: 71/71 MP: 7/7
  4012 | D:5      | Got a warped bronze ring
  4016 | D:5      | Identified the ring of Cum Lokhaiq {rPois rN+ AC+4 Int+7} (You found it on level 5 of the Dungeon)
  4248 | D:6      | Reached skill level 7 in Long Blades
  4462 | D:6      | Found an ancient bone altar of Kikubaaqudgha.
  4735 | D:6      | Found a glowing golden altar of the Shining One.
  4904 | D:7      | Reached XP level 9. HP: 71/81 MP: 8/8
  4948 | D:7      | Reached skill level 8 in Long Blades
  4949 | D:7      | Found a shimmering altar of Xom.
  5029 | D:7      | Reached ***** piety under Trog
  5367 | D:7      | Found a staircase to the Ecumenical Temple.
  5384 | D:7      | Found an ornate altar of the Wu Jian Council.
  5887 | D:8      | Reached skill level 9 in Long Blades
  6019 | D:8      | Noticed a two-headed ogre
  6030 | D:8      | Killed a two-headed ogre
  6030 | D:8      | Reached XP level 10. HP: 49/91 MP: 9/9
  6181 | D:8      | Noticed a two-headed ogre
  6196 | D:8      | Killed a two-headed ogre
  6851 | D:9      | Noticed a two-headed ogre
  6864 | D:9      | Killed a two-headed ogre
  6864 | D:9      | Reached skill level 10 in Fighting
  6864 | D:9      | Reached skill level 10 in Long Blades
  6867 | D:9      | Received a gift from Trog
  7197 | D:9      | Noticed a manticore
  7203 | D:9      | Killed a manticore
  7203 | D:9      | Reached skill level 10 in Armour
  7268 | D:9      | Noticed a two-headed ogre
  7284 | D:9      | Killed a two-headed ogre
  7412 | D:9      | Reached XP level 11. HP: 93/101 MP: 3/10
  7432 | D:9      | Noticed Psyche
  7440 | D:9      | Killed Psyche
  7531 | D:9      | Noticed a two-headed ogre
  7535 | D:9      | Killed a two-headed ogre
  7535 | D:9      | Reached skill level 11 in Long Blades
  7595 | D:9      | Found a staircase to the Lair.
  7824 | D:10     | Entered Level 10 of the Dungeon
  7830 | D:10     | Reached skill level 10 in Dodging
  7839 | D:10     | Noticed Sonja
  7857 | D:11     | Noticed a two-headed ogre
  7862 | D:11     | Killed a two-headed ogre
  8090 | D:11     | Noticed a four-headed hydra
  8090 | D:11     | Noticed a cyan ugly thing
  8099 | D:11     | Killed a cyan ugly thing
  8102 | D:11     | Killed a seven-headed hydra
  8247 | D:11     | Found a staircase to the Orcish Mines.
  8596 | D:10     | Noticed a two-headed ogre
  8601 | D:10     | Killed a two-headed ogre
  8687 | D:10     | Reached skill level 12 in Long Blades
  8724 | D:10     | Noticed a two-headed ogre
  8737 | D:10     | Killed a two-headed ogre
  8737 | D:10     | Reached XP level 12. HP: 81/112 MP: 3/11
  8963 | D:12     | Noticed a two-headed ogre
  8973 | D:12     | Killed a two-headed ogre
  9084 | D:12     | Noticed Fannar
  9105 | D:12     | Killed Fannar
  9572 | D:12     | Noticed a death knight
  9579 | D:12     | Killed a death knight
 10069 | D:12     | Noticed a four-headed hydra
 10073 | D:12     | Killed a six-headed hydra
 10075 | D:12     | Reached ****** piety under Trog
 10172 | D:12     | Received a gift from Trog
 10475 | D:13     | Reached skill level 13 in Long Blades
 10638 | D:13     | Got a scintillating jade ring
 10640 | D:13     | Identified the ring "Vucreqel" {Fire rPois rN+ Str+4} (You found it on level 13 of the Dungeon)
 10712 | D:13     | Found Laynacos's Magic Scroll Boutique.
 11083 | D:13     | Found a roughly hewn altar of Beogh.
 11396 | D:14     | Reached skill level 14 in Long Blades
 11407 | D:14     | Noticed Nessos
 11421 | D:14     | Killed Nessos
 11421 | D:14     | Reached XP level 13. HP: 72/122 MP: 4/12
 11622 | D:14     | Found a sacrificial altar of Ru.
 11674 | D:14     | Found a gate to the Vaults.
 11696 | D:14     | Reached skill level 15 in Long Blades
 12345 | D:14     | Received a gift from Trog
 12350 | D:14     | Got a brightly glowing great sword {god gift}
 12351 | D:14     | Identified the +7 great sword of Annoyance {elec, rC++ Str+6} (Trog gifted it to you on level 14 of the Dungeon)
 12452 | D:14     | Reached skill level 16 in Long Blades
 12812 | D:14     | Got a steaming golden amulet
 12914 | D:14     | Identified the amulet "Muxowk" {RegenMP rElec rC+++ Dex+4 Stlth-} (You found it on level 14 of the Dungeon)
 12915 | D:14     | Gained mutation: You are partially covered in iridescent scales. (AC +2) [potion of mutation]
 12915 | D:14     | Gained mutation: Your spells are a little harder to cast, but a little more powerful. [potion of mutation]
 12915 | D:14     | Gained mutation: Your spells are harder to cast, but more powerful. [potion of mutation]
 12915 | D:14     | Gained mutation: You have large cloven feet. [potion of mutation]
 13273 | D:14     | Reached skill level 17 in Long Blades
 13421 | D:14     | Found a portal to a secret trove of treasure.
 13647 | D:15     | Entered Level 15 of the Dungeon
 13864 | D:15     | Found a staircase to the Depths.
 13866 | D:15     | Reached skill level 18 in Long Blades
 13873 | D:15     | Reached XP level 14. HP: 90/129 MP: 13/13
 13923 | D:15     | HP: 2/129 [barbs]
 13923 | D:15     | Slain by a manticore

Vault maps used:
D:1:      lightli_arrival_isolated_outpost, hangedman_decor_lopped
D:2:      gammafunk_temple_overflow_forgotten, minmay_tetromino_s4
D:3:      kennysheep_generic_room_15, uniq_terence
D:4:      first_ration
D:5:      nicolae_overflow_crystal_walls, cheibrodos_sewer_entry_drain,
          serial_bayou_pond_b, serial_bayou_lagoon_b
D:6:      marbit_many_paths, lemuel_doored_altar
D:7:      xom_butterflies, overflow_temple_1_default, temple_green,
          kennysheep_generic_room_3
D:8:      special_room
D:9:      minmay_lair_entry_lava, serial_curves, eino_curves_02, eino_curves_01,
          grunt_ogre_cave, minivault_19, uniq_psyche
D:10:     nicolae_tso_carved_into_rock, uniq_sonja, uniq_grum
D:11:     orc_0_dummy
D:12:     minmay_open_boxes_in_corner, uniq_fannar
D:13:     serial_shops, nicolae_shop_waterfront, special_room
D:14:     cheibrodos_hippocracy, hangedman_vaults_entry_quadrant_bands,
          palyth_stone_intersect, enter_trove_3,
          nicolae_ru_the_path_less_chosen, uniq_nessos
D:15:     grunt_enter_depths_magical_seal, lab_entry_generic,
          portal_ice_cave_demonic_guard, minivault_13
Sewer:    sewer_kobolds

Skill      XL: |  1  2  3  4  5  6  7  8  9 10 11 12 13 |
---------------+----------------------------------------+-----
Long Blades    | 4 5 6 7 9 10 12 14 18 | 18.3
Fighting       | 4 5 6 7 9 10 12 13 | 13.0
Armour         | 3 4 5 6 7 9 10 11 12 | 12.8
Dodging        | 3 4 5 6 8 9 11 | 11.9

Action                   |  1- 3 |  4- 6 |  7- 9 | 10-12 | 13-15 || total
-------------------------+-------+-------+-------+-------+-------++-------
Melee: Falchion          |    75 |   102 |   207 |       |       ||   384
       Headbutt          |     8 |    18 |    53 |    92 |    46 ||   217
       Long sword        |       |       |    88 |    67 |       ||   155
       Great sword       |       |       |       |   359 |   157 ||   516
       Kick              |       |       |       |       |    27 ||    27
Throw: Tomahawk          |       |       |       |       |     4 ||     4
Invok: Berserk           |       |     1 |       |     8 |     3 ||    12
  Use: Scroll            |       |     5 |     3 |     1 |     3 ||    12
       Potion            |       |       |     1 |       |     2 ||     3
  Eat: Chunk             |       |     5 |    13 |    18 |     5 ||    41
       Ration            |       |       |       |     4 |     1 ||     5
Armor: Animal skin       |     4 |       |       |       |       ||     4
       Scale mail        |    21 |    17 |       |       |       ||    38
       Skin              |       |     2 |       |       |       ||     2
       Ring mail         |       |       |    92 |   136 |    69 ||   297
Dodge: Dodged            |    39 |    76 |   211 |   339 |   117 ||   782
       Rpst.: Falchion   |     7 |    12 |    35 |       |       ||    54
       Long sword        |       |       |    15 |     9 |       ||    24
       Great sword       |       |       |       |    69 |    17 ||    86

Table legend:
 A = Spawn XP
 B = Non-spawn XP
 C = Spawn XP percentage of total XP
 D = Spawn monster count
 E = Non-spawn monster count
 F = Spawn count percentage of total count
 G = Total turns spent on level
                    A         B        C        D         E        F      G
               +---------+---------+-------+---------+---------+-------+---------
         Total |       0 |   66126 |   0.0 |       0 |     467 |   0.0 | 13923
               +---------+---------+-------+---------+---------+-------+---------
           D:1 |       0 |      35 |   0.0 |       0 |      16 |   0.0 |   551
           D:2 |       0 |      65 |   0.0 |       0 |      19 |   0.0 |   808
           D:3 |       0 |     244 |   0.0 |       0 |      22 |   0.0 |   632
           D:4 |       0 |     727 |   0.0 |       0 |      28 |   0.0 |  1243
           D:5 |       0 |     388 |   0.0 |       0 |      21 |   0.0 |   693
           D:6 |       0 |     864 |   0.0 |       0 |      28 |   0.0 |   656
           D:7 |       0 |    1477 |   0.0 |       0 |      28 |   0.0 |   812
           D:8 |       0 |    3341 |   0.0 |       0 |      50 |   0.0 |  1172
           D:9 |       0 |    6213 |   0.0 |       0 |      29 |   0.0 |  1057
          D:10 |       0 |    3941 |   0.0 |       0 |      34 |   0.0 |   297
          D:11 |       0 |    5372 |   0.0 |       0 |      33 |   0.0 |   772
          D:12 |       0 |    9658 |   0.0 |       0 |      32 |   0.0 |  1732
          D:13 |       0 |    4437 |   0.0 |       0 |      42 |   0.0 |   759
          D:14 |       0 |   18398 |   0.0 |       0 |      50 |   0.0 |  2263
          D:15 |       0 |   10842 |   0.0 |       0 |      26 |   0.0 |   276
         Sewer |       0 |     124 |   0.0 |       0 |       9 |   0.0 |   200
               +---------+---------+-------+---------+---------+-------+---------
